 Dungeon Crawl Stone Soup version 0.25-a0-834-g55863b0b92 (webtiles) character file.

Game seed: 8798064063183310484, levelgen mode: classic

200 Amnesiac the Shooter (level 5, -1/30 HPs)
             Began as a Tengu Hunter on Apr 22, 2020.
             Slain by an ogre
             ... wielding a cursed +0 giant club
              (21 damage)
             ... on level 4 of the Dungeon.
             The game lasted 00:05:10 (2720 turns).

Amnesiac the Shooter (Tengu Hunter)                 Turns: 2720, Time: 00:05:12

Health: -1/30      AC:  9    Str: 14    XL:     5   Next: 78%
Magic:  6/6        EV:  8    Int: 11    God:
Gold:   272        SH:  0    Dex: 19    Spells: 4/4 levels left

rFire    . . .     SeeInvis .   a - +1 shortbow
rCold    . . .     Gourm    .   (shield currently unavailable)
rNeg     . . .     Faith    .   t - +0 chain mail
rPois    .         Spirit   .   (helmet restricted)
rElec    .         Reflect  .   (no cloak)
rCorr    .         Harm     .   s - +0 pair of gloves
MR       .....                  (boots unavailable)
Stlth    ..........             (no amulet)
HPRegen  0.10/turn              h - +5 ring of dexterity
MPRegen  0.10/turn              (no ring)

@: lethally poisoned (-1 -> -11), flying quickly and evasively, quick
A: beak, talons 3, able to fly
a: Stop Flying


You were on level 4 of the Dungeon.
You were not hungry.

You visited 1 branch of the dungeon, and saw 4 of its levels.

You collected 272 gold pieces.

Inventory:

Hand Weapons
 a - a +1 shortbow (weapon)
 b - a +0 short sword
Missiles
 c - 8 curare-tipped darts
 d - 20 arrows (quivered)
Armour
 s - a +0 pair of gloves (worn)
 t - a +0 chain mail (worn)
Jewellery
 h - a +5 ring of dexterity (left hand)
Scrolls
 e - 2 scrolls of enchant armour {!r, unknown}
 g - a scroll of enchant weapon {!r, unknown}
 i - 2 scrolls of amnesia {!r, unknown}
 k - 5 scrolls of identify {!r, unknown}
 l - a scroll of immolation {!r, unknown}
 m - a scroll of random uselessness {!r, unknown}
 n - 2 scrolls of blinking {!r, unknown}
 q - 2 scrolls of teleportation {!r, unknown}
 r - a scroll of remove curse {!r, unknown}
Potions
 j - a potion of mutation {!q, unknown}
 o - 2 potions of curing {!q, unknown}
Comestibles
 f - 7 rations
 p - 6 chunks of flesh


   Skills:
 - Level 2.0 Fighting
 * Level 7.3 Bows
 + Level 2.7 Dodging
 - Level 1.0 Stealth


You had 4 spell levels left.
You didn't know any spells.
Your spell library was empty.

Dungeon Overview and Level Annotations

Branches:
Dungeon (4/15)
 Temple: D:4-7

Altars:
Dithmenos
Fedhas
Hepliaklqana
Makhleb
Nemelex Xobeh
Sif Muna
Trog


Innate Abilities, Weirdness & Mutations

You have a beak for a mouth.
You have claws for feet.
You can fly continuously.


Message History

Aim: a worker ant (moderately wounded)
You shoot an arrow. The arrow barely misses the worker ant.
The arrow closely misses the ogre.
The worker ant barely misses you. The worker ant bites you.
Firing (i - inventory. (/) - cycle)
d - 28 arrows (quivered)
Press: ? - help, Shift-Dir - straight line, f/p - worker ant
Aim: a worker ant (moderately wounded)
You shoot an arrow. The arrow hits the worker ant.
The worker ant is heavily wounded.
The worker ant bites you but does no damage.
Firing (i - inventory. (/) - cycle)
d - 27 arrows (quivered)
Press: ? - help, Shift-Dir - straight line, f/p - worker ant
Aim: a worker ant (heavily wounded)
You shoot an arrow.
The arrow hits the worker ant but does no damage.
The worker ant is heavily wounded.
The worker ant waves its antennae.
The worker ant barely misses you.
Firing (i - inventory. (/) - cycle)
d - 26 arrows (quivered)
Press: ? - help, Shift-Dir - straight line, f/p - worker ant
Aim: a worker ant (heavily wounded)
You shoot an arrow. The arrow hits the worker ant!
The worker ant is almost dead.
The worker ant bites you but does no damage.
Firing (i - inventory. (/) - cycle)
d - 25 arrows (quivered)
Press: ? - help, Shift-Dir - straight line, f/p - worker ant
Aim: a worker ant (almost dead)
You shoot an arrow.
The arrow hits the worker ant but does no damage.
The worker ant is almost dead.
The worker ant bites you.
You are poisoned.
The worker ant poisons you!
Firing (i - inventory. (/) - cycle)
d - 24 arrows (quivered)
Press: ? - help, Shift-Dir - straight line, f/p - worker ant
Aim: a worker ant (almost dead)
You shoot an arrow.
The arrow hits the worker ant but does no damage.
The worker ant is almost dead.
You feel sick. The worker ant bites you.
You are more poisoned.
The worker ant poisons you!
Firing (i - inventory. (/) - cycle)
d - 23 arrows (quivered)
Press: ? - help, Shift-Dir - straight line, f/p - worker ant
Aim: a worker ant (almost dead)
You shoot an arrow. The arrow hits the worker ant.
You kill the worker ant!
You feel sick.
Firing (i - inventory. (/) - cycle)
d - 22 arrows (quivered)
Press: ? - help, Shift-Dir - straight line, f - ogre
Aim: an ogre, wielding a +0 giant club You shoot an arrow.
The arrow hits the ogre!
The ogre is heavily wounded.
You feel sick.
Firing (i - inventory. (/) - cycle)
d - 21 arrows (quivered)
Press: ? - help, Shift-Dir - straight line, f/p - ogre
Aim: an ogre, wielding a +0 giant club (heavily wounded)
You shoot an arrow.
The arrow hits the ogre but does no damage.
The ogre is heavily wounded.
You feel sick.
The ogre hits you with a cursed +0 giant club!!
Ouch! That really hurt!
You die...

...
.(#
..(
#.#
...
#>#
#(#
#O#
#@#
#.#
#..
####


You could see an ogre.

Vanquished Creatures
  A crimson imp (D:1)
  A worker ant (D:4)
  A hound skeleton (D:2)
  Robin (D:1)
  2 adders (D:2)
  3 worms
  2 dart slugs (D:2)
  2 leopard geckos
  5 orcs (D:3)
  8 giant cockroaches
  14 goblins
  8 hobgoblins
  A quokka (D:3)
  5 bats
  5 frilled lizards
  10 kobolds
  11 rats
80 creatures vanquished.

Notes
Turn   | Place    | Note
-------+----------+-------------------------------------------
     0 | D:1      | Amnesiac the Tengu Hunter began the quest for the Orb.
     0 | D:1      | Reached XP level 1. HP: 12/12 MP: 2/2
   100 | D:1      | Reached XP level 2. HP: 17/17 MP: 3/3
   174 | D:1      | Reached skill level 5 in Bows
   486 | D:2      | Noticed Robin
   499 | D:1      | Reached XP level 3. HP: 13/21 MP: 4/4
   613 | D:2      | Found a shadowy altar of Dithmenos.
   690 | D:1      | Reached skill level 6 in Bows
   690 | D:1      | Reached XP level 4. HP: 10/26 MP: 5/5
   838 | D:2      | Found a hazy altar of Hepliaklqana.
   932 | D:1      | Killed Robin
  1549 | D:2      | Gained mutation: You can fly continuously. [Tengu growth]
  1549 | D:2      | Reached XP level 5. HP: 30/30 MP: 6/6
  1819 | D:2      | Reached skill level 7 in Bows
  1835 | D:2      | Found a burning altar of Makhleb.
  1835 | D:2      | Found a shimmering blue altar of Sif Muna.
  1841 | D:2      | Found a bloodstained altar of Trog.
  1843 | D:2      | Found a faded altar of an unknown god.
  1845 | D:2      | Found a blossoming altar of Fedhas.
  2514 | D:3      | Found a sparkling altar of Nemelex Xobeh.
  2706 | D:4      | Noticed an ogre
  2720 | D:4      | Slain by an ogre

Levels and vault maps discovered:
D:1:      minmay_arrival_loop, layout_rooms
D:2:      layout_loops_ring, overflow_temple_1_default,
          overflow_temple_1_default, chequers_temple_overflow_minitemple,
          kennysheep_nub, uniq_robin
D:3:      layout_loops_ring, nemelex_diamond_rough_becter
D:4:      layout_loops_ring

Skill      XL: |  1  2  3  4  5 |
---------------+----------------+-----
Bows           | 5 6 7 |  7.3
Fighting       | |  2.0
Dodging        | |  2.7
Stealth        | |  1.0

Action                   |  1- 3 |  4- 6 || total
-------------------------+-------+-------++-------
Melee: Short sword       |    21 |   112 ||   133
       Kick              |     5 |    33 ||    38
       Peck              |     5 |    23 ||    28
 Fire: Shortbow          |    71 |    18 ||    89
 Abil: Fly               |       |     1 ||     1
 Stab: Distracted        |       |     3 ||     3
       Sleeping          |       |     1 ||     1
  Eat: Chunk             |       |     6 ||     6
Armor: Leather armour    |    11 |    13 ||    24
       Chain mail        |       |    11 ||    11
Dodge: Dodged            |    26 |    72 ||    98

Table legend:
 A = Non-vault XP
 B = Vault XP
 C = Vault XP percentage of total XP
 D = Non-vault monster count
 E = Vault monster count
 F = Vault count percentage of total count
                 A         B        C        D         E       F
            +---------+---------+-------+---------+---------+-------
      Total |     251 |      35 |  12.2 |      69 |      11 |  13.8
            +---------+---------+-------+---------+---------+-------
        D:1 |      77 |      33 |  30.0 |      21 |      10 |  32.3
        D:2 |      96 |       2 |   2.0 |      25 |       1 |   3.8
        D:3 |      42 |       0 |   0.0 |      22 |       0 |   0.0
        D:4 |      36 |       0 |   0.0 |       1 |       0 |   0.0
            +---------+---------+-------+---------+---------+-------
